 Dungeon Crawl Stone Soup version 0.30.1-11-g7821555f0a (webtiles) character file.

Game seed: 4981247438698392772

5481 Anandil the Fighter (level 10, -3/83 HPs)
             Began as a Demonspawn Fighter on Nov 1, 2023.
             Was a Follower of Ru.
             Slain by a troll (7 damage)
             ... on level 10 of the Dungeon.
             The game lasted 00:15:43 (6711 turns).

Anandil the Fighter (Demonspawn Fighter)            Turns: 6711, Time: 00:15:43

Health: -3/83      AC: 24    Str: 22    XL:     10   Next: 42%
Magic:  10/10      EV:  8    Int: 10    God:    Ru [*.....]
Gold:   407        SH:  4    Dex: 17    Spells: 9/9 levels left

rFire   . . .        c - +4 great sword
rCold   . . .        (shield currently unavailable)
rNeg    . . .        L - +0 chain mail
rPois   .            w - +2 helmet
rElec   .            H - +1 cloak
rCorr   .            o - +0 pair of gloves
SInv    .            (boots unavailable)
Will    +....        C - amulet of regeneration Stlth
                     e - ring of willpower
HPRegen 1.13/turn    q - +6 ring of strength
MPRegen 0.12/turn

%: no passive effects
@: brilliant, sanguine armoured, unable to read
A: hooves 3, inability to read after injury 2, sanguine armour 1, condensation
shield, demonic magic 1, claws 1, fangs 1
a: Renounce Religion


You were on level 10 of the Dungeon.
You worshipped Ru.
Ru was aware of your devotion.
You visited 2 branches of the dungeon, and saw 11 of its levels.

You collected 549 gold pieces.
You spent 142 gold pieces at shops.

Inventory:

Hand Weapons
 a - a +0 long sword
 c - a +4 great sword (weapon)
Missiles
 y - 19 poisoned darts (quivered)
 Q - a curare-tipped dart
Armour
 b - a +0 scale mail
 o - a +0 pair of gloves (worn)
 w - a +2 helmet (worn)
 H - a +1 cloak (worn)
 I - +0 acid dragon scales
 L - a +0 chain mail (worn)
Jewellery
 e - a ring of willpower (left hand)
 q - a +6 ring of strength (right hand)
 C - an amulet of regeneration (around neck)
 F - a ring of see invisible
 M - a ring of protection from cold
Wands
 J - a wand of flame (32)
 O - a wand of iceblast (9)
Scrolls
 f - 2 scrolls of magic mapping
 g - a scroll of vulnerability
 h - 3 scrolls of enchant armour
 i - a scroll of amnesia
 m - 5 scrolls of enchant weapon
 p - 5 scrolls of teleportation
 r - 2 scrolls of fog {unknown}
 u - a scroll of immolation
 v - 3 scrolls of noise {unknown}
 x - a scroll of fear {unknown}
 B - 2 scrolls of blinking {unknown}
 D - a scroll of brand weapon {unknown}
 N - a scroll of silence {unknown}
 P - a scroll of poison
Potions
 d - 2 potions of might
 j - 5 potions of curing
 k - a potion of brilliance
 s - 2 potions of ambrosia
 z - a potion of flight {unknown}
 A - 2 potions of attraction {unknown}
 E - a potion of resistance {unknown}
 G - 2 potions of degeneration {unknown}
 K - a potion of berserk rage {unknown}


   Skills:
 + Level 9.2 Fighting
 + Level 8.1 Long Blades
 + Level 8.4 Armour
 - Level 5.0 Shields


You had 9 spell levels left.
You didn't know any spells.
Your spell library was empty.

Dungeon Overview and Level Annotations

Branches:
Dungeon (11/15)            Temple (1/1) D:6            Lair (0/5) D:11
    Orc: D:9-12

Altars:
Ashenzari
Cheibriados
Fedhas
Hepliaklqana
Kikubaaqudgha
Nemelex Xobeh
Okawaru
Ru
Sif Muna
Trog
Uskayaw
Wu Jian
Xom

Shops:
D:1 *(   D:2 !

Portals:
Abyss: D:5

Annotations:
D:5 2 transporters, ChrisAssaf's ghost, novice HuEn


Innate Abilities, Weirdness & Mutations

You have hooves in place of feet.
You sometimes lose the ability to read scrolls when taking damage.
When seriously injured, your blood forms armour. (AC +6)
A meltable shield of frost defends you. (SH +4)
Spells you cast may paralyse adjacent enemies.
You have sharp fingernails.
You have very sharp teeth.


Message History

Found a stone staircase leading down.
You feel yourself slow down.
The centaur hits you but does no damage.
The centaur closely misses you. The centaur attacks as you move away!
The centaur hits you but does no damage.
The centaur kicks you but does no damage.
The centaur wields a +0 shortbow.
The centaur shoots an arrow.
The arrow barely misses you.
The rat twitches its whiskers.
The death yak gores you but does no damage.
The death yak attacks as you move away! The death yak barely misses you.
Found a stone staircase leading up.
The centaur shoots an arrow.
You block the arrow.
The hell rat bites you but does no damage.
The centaur shoots an arrow.
The arrow hits you but does no damage.
A death yak comes into view.
The hell rat bites you but does no damage.
The death yak bellows!
The hell rat attacks as you move away! You block the hell rat's attack.
The death yak attacks as you move away!
The death yak gores you but does no damage.
The hell rat attacks as you move away!
The hell rat bites you but does no damage.
The centaur shoots an arrow.
The arrow hits you but does no damage. The hell rat barely misses you.
There is a stone staircase leading up here.
The centaur unwields a +0 shortbow.
You block the centaur's attack.
The centaur kicks you but does no damage.
The hell rat bites you but does no damage.
The death yak gores you!
* * * LOW HITPOINT WARNING * * *
You climb upwards.
The troll shouts!
The gnoll sergeant shouts!
You hear an angry hiss.
Found a gluggy blue potion.
There is a stone staircase leading down here.
The death yak attacks as you move away!
The death yak gores you but does no damage.
The troll bites you!
You die...

##≈.≈##
##≈≈.≈§##
##≈≈.≈.≈≈##
##≈≈.≈≈≈.≈≈##
##≈§.≈≈≈§≈.≈≈##
##≈≈.≈≈≈.§≈≈.≈≈#
#≈§.≈§≈...≈≈≈.≈≈
≈≈!≈≈≈.@Y..≈≈≈.≈
≈.....Tr>.......
≈≈.≈§≈.....≈≈≈.≈
#≈≈.≈≈≈.g.≈≈§.≈≈
##≈≈.≈≈≈.≈≈≈.≈≈#
##≈≈.≈≈≈≈≈.≈≈##
##≈≈.≈≈≈.≈≈##
##≈≈.≈.≈≈##
##≈§.≈≈##


You could see a death yak, a troll, a gnoll sergeant and a hell rat.

Vanquished Creatures
  A gargoyle (D:11)
  A troll (D:6)
  A shadow (D:11)
  6 yaks (D:11)
  2 steam dragons
  An acid dragon (D:6)
  2 water moccasins (D:7)
  An ice beast (D:6)
  3 black bears
  3 orc warriors (D:7)
  2 ogres (D:6)
  3 centaurs
  A phantom (D:5)
  A kobold brigand (D:7)
  3 bullfrogs (D:7)
  4 necrophages (D:5)
  The ghost of monsoonserge the Caller, an amateur FeSu (D:2)
  5 scorpions
  11 wights
  A bullfrog zombie (D:5)
  3 hounds
  2 orc priests
  A sleepcap (D:6)
  2 gnoll boudas
  6 orc wizards
  7 iguanas
  Robin (D:4)
  5 gnolls (D:7)
  5 adders
  A shadow imp (D:6)
  2 white imps
  4 ufetubi
  4 worms
  2 dart slugs
  19 orcs
  6 ball pythons
  3 bats (D:2)
  4 endoplasms
  2 giant cockroaches (D:4)
  16 hobgoblins
  8 jackals
  8 kobolds
  4 quokkas
  A frilled lizard (D:3)
  15 goblins
  A rat (D:1)
185 creatures vanquished.

Vanquished Creatures (others)
  An orc (D:6)
1 creature vanquished.

Grand Total: 186 creatures vanquished

Notes
Turn   | Place    | Note
-------+----------+-------------------------------------------
     0 | D:1      | Anandil the Demonspawn Fighter began the quest for the Orb.
     0 | D:1      | Reached XP level 1. HP: 18/18 MP: 1/1
    21 | D:1      | Found Jerintob's Antique Weapon Shoppe.
   315 | D:1      | Gained mutation: You have large cloven feet. [demonic
                  | ancestry]
   315 | D:1      | Reached XP level 2. HP: 21/24 MP: 2/2
   443 | D:1      | Found Qeoty's Assorted Antiques.
   446 | D:1      | Bought a scroll labelled ZIEPE VECEUK for 23 gold pieces
   446 | D:1      | Bought a scroll labelled YTUGEN DUSACW for 23 gold pieces
   840 | D:2      | Gained mutation: A meltable shield of frost defends you.
                  | (SH +4) [demonic ancestry]
   840 | D:2      | Reached XP level 3. HP: 27/29 MP: 3/3
   940 | D:2      | Found a shimmering altar of Xom.
  1033 | D:2      | Found Tiqes's Distillery.
  1039 | D:2      | Bought a potion of curing for 36 gold pieces
  1039 | D:2      | Bought a potion of heal wounds for 60 gold pieces
  1308 | D:3      | Gained mutation: You have hoof-like feet. [demonic
                  | ancestry]
  1308 | D:3      | Reached XP level 4. HP: 31/35 MP: 4/4
  1385 | D:3      | Found a faded altar of an unknown god.
  1450 | D:3      | Found a large runed translucent door.
  1450 | D:3      | Found a large runed translucent door.
  1451 | D:3      | Noticed monsoonserge's ghost (amateur FeSu)
  2175 | D:4      | Reached XP level 5. HP: 38/42 MP: 5/5
  2255 | D:4      | Noticed Robin
  2263 | D:4      | Killed Robin
  2569 | D:5      | Entered Level 5 of the Dungeon
  2587 | D:5      | Reached skill level 4 in Fighting
  2657 | D:5      | Found a transporter.
  2669 | D:5      | Noticed a black bear
  2679 | D:5      | Killed a black bear
  2680 | D:5      | Gained mutation: You have hooves in place of feet. [demonic
                  | ancestry]
  2680 | D:5      | Reached XP level 6. HP: 39/48 MP: 6/6
  2777 | D:5      | Found a transporter.
  2942 | D:2      | Killed monsoonserge's ghost
  2943 | D:2      | Reached skill level 5 in Shields
  3034 | D:5      | Reached XP level 7. HP: 55/55 MP: 7/7
  3298 | D:5      | Found a one-way gate to the infinite horrors of the Abyss.
  3320 | D:5      | Noticed ChrisAssaf's ghost (novice HuEn)
  3345 | D:5      | Found a blossoming altar of Fedhas.
  3637 | D:5      | Reached skill level 5 in Fighting
  4116 | D:5      | Reached skill level 5 in Armour
  4116 | D:5      | Gained mutation: When seriously injured, your blood forms
                  | armour. (AC +6) [demonic ancestry]
  4116 | D:5      | Reached XP level 8. HP: 63/63 MP: 8/8
  4227 | D:6      | Found a staircase to the Ecumenical Temple.
  4269 | Temple   | Entered the Ecumenical Temple
  4272 | Temple   | Became a worshipper of Ru the Awakened
  4632 | D:6      | Reached skill level 6 in Fighting
  4638 | D:6      | Reached skill level 5 in Long Blades
  4641 | D:6      | Noticed a troll
  4647 | D:6      | Killed a troll
  4864 | D:6      | Reached skill level 7 in Fighting
  4864 | D:6      | Gained mutation: Spells you cast may paralyse adjacent
                  | enemies. [demonic ancestry]
  4864 | D:6      | Reached XP level 9. HP: 46/72 MP: 9/9
  5590 | D:7      | Gained mutation: You occasionally lose the ability to read
                  | scrolls when taking damage. [Ru sacrifice]
  5590 | D:7      | Gained mutation: You sometimes lose the ability to read
                  | scrolls when taking damage. [Ru sacrifice]
  5590 | D:7      | Reached * piety under Ru
  5760 | D:7      | Reached skill level 8 in Fighting
  6121 | D:7      | Reached XP level 10. HP: 75/82 MP: 10/10
  6599 | D:8      | You fall into a shaft and drop 3 floors!
  6643 | D:11     | Noticed a gargoyle
  6654 | D:11     | Killed a gargoyle
  6659 | D:11     | Gained mutation: You have very sharp teeth. [potion of
                  | mutation]
  6659 | D:11     | Gained mutation: You have sharp fingernails. [potion of
                  | mutation]
  6673 | D:11     | Reached skill level 9 in Fighting
  6680 | D:11     | Noticed a gargoyle
  6688 | D:11     | Noticed a death yak
  6691 | D:11     | Noticed a death yak
  6703 | D:11     | Noticed a death yak
  6709 | D:11     | HP: 2/83 [death yak (16)]
  6710 | D:10     | Entered Level 10 of the Dungeon
  6711 | D:10     | Slain by a troll

Illustrated notes

Levels and vault maps discovered:
D:1:      zaba_arrival_water, layout_rooms, serial_shops,
          nicolae_shop_real_fake_doors, nicolae_shop_hallway_plus,
          minmay_tromino_v4_a
D:2:      layout_basic, basic_altar, serial_shops, shop,
          guppyfry_early_lair_pool
D:3:      layout_rooms, ebering_ghost_disaster_area,
          ebering_ecumenical_altar_sacrificial, chequers_serial_rivers_large_b
D:4:      layout_gridville, uniq_robin
D:5:      layout_layer_cave, fedhas_altar_decomposition,
          gammafunk_ghost_abyssal_escape
D:6:      minmay_chambers_of_sixes, layout_basic,
          minmay_temple_entry_statues_pillars, minmay_crystal_water,
          kennysheep_big_empty_room
D:7:      kennysheep_six_static_rooms, layout_loops_ring, minmay_misc_feat_room
D:8:      layout_cave_pods, mainiacjoe_overflow_alcove_4, minivault_5,
          minmay_misc_feat_doors, minivault_4
D:10:     layout_loops_ring, nicolae_qazlal_general_emergency,
          nicolae_tso_carved_into_rock, serial_shops, kennysheep_mini,
          shop_coins, kennysheep_diamond, uniq_harold
D:11:     layout_irregular_city, dpeg_lair_monsters, serial_shops, shop,
          uniq_erolcha
Temple:   dpeg_three_leaves_temple

Skill      XL: |  1  2  3  4  5  6  7  8  9 10 |
---------------+-------------------------------+-----
Long Blades    | 2 3 4 5 7 8 |  8.1
Shields        | 3 4 5 |  5.0
Armour         | 3 4 5 6 7 8 |  8.4
Fighting       | 4 5 7 8 9 |  9.2

Action                     |  1- 3 |  4- 6 |  7- 9 | 10-12 || total
---------------------------+-------+-------+-------+-------++-------
  Melee: Long sword        |   108 |   152 |   113 |       ||   373
         Kick              |    13 |    39 |    92 |    23 ||   167
         Great sword       |       |       |   166 |    70 ||   236
         Bite              |       |       |       |     2 ||     2
  Throw: Dart              |       |     2 |       |       ||     2
 Invoke: Sacrifice Words   |       |       |     1 |       ||     1
    Use: Scroll            |     6 |       |     3 |     1 ||    10
         Potion            |       |       |     1 |     6 ||     7
 Armour: Scale mail        |    50 |    64 |    57 |       ||   171
         Acid dragon scale |       |       |    42 |       ||    42
         Chain mail        |       |       |    70 |   111 ||   181
  Dodge: Dodged            |    41 |    68 |   150 |    53 ||   312
  Block: Buckler           |    32 |    72 |    36 |       ||   140
         Other             |       |       |    32 |    27 ||    59
